Map: Pillars of Gold LE

Players

MaxPax

  • Race: Protoss Protoss
  • Spawn Location: 1:00

PartinG - Winner!

  • Race: Protoss Protoss
  • League: Master
  • Spawn Location: 7:00

Event: ASUS ROG Online 2020

VOD

Have the link to the VOD?

Description

Time

  • Played on: Nov. 27, 2020, 11:25 a.m.
  • Length: 7:59

All games in this series

Show
View Real Time Build Order
Export as new Build Order

MaxPax Protoss 

Build Orders:  

Get SALT Encoding   

  12  0:00  Probe  
  13  0:12  Probe  
  14  0:19  Pylon  
  14  0:24  Probe  
  15  0:37  Probe (Chrono Boost)  
  15  0:40  Gateway  
  16  0:47  Assimilator, Probe (Chrono Boost)  
  17  0:52  Probe (Chrono Boost)  
  18  1:04  Probe  
  19  1:12  Pylon  
  19  1:16  Probe  
  20  1:26  Zealot (Chrono Boost)  
  20  1:28  Probe, Cybernetics Core  
  23  1:40  Probe  
  24  1:47  Cybernetics Core  
  24  1:52  Probe  
  25  1:57  Zealot  
  27  2:04  Pylon, Probe  
  28  2:09  Assimilator  
  28  2:22  Probe  
  29  2:35  Adept  
  31  2:38  Stargate  
  31  2:56  Nexus  
  30  3:00  Probe  
  31  3:08  Pylon  
  31  3:27  Probe  
  34  3:39  Void Ray (Chrono Boost)  
  34  3:40  Gateway  
  34  3:42  Shield Battery  
  36  3:54  Pylon  
  37  3:55  Probe  
  37  4:03  Void Ray (Chrono Boost)  
  37  4:08  Probe  
  37  4:09  Probe  
  39  4:11  Warp Gate  
  43  4:20  Probe  
  43  4:21  Probe  
  43  4:32  Probe  
  43  4:33  Probe (Chrono Boost)  
  42  4:40  Pylon  
  42  4:41  Twilight Council  
  44  4:46  Probe (Chrono Boost)  
  44  4:50  Probe (Chrono Boost)  
  44  4:54  Probe (Chrono Boost)  
  44  4:58  Probe (Chrono Boost)  
  46  5:00  Probe  
  46  5:04  Sentry  
  52  5:09  Probe  
  52  5:12  Assimilator, Probe  
  52  5:13  Phoenix  
  53  5:16  Forge  
  53  5:21  Probe  
  54  5:24  Probe  
  53  5:33  Probe  
  53  5:35  Charge (Chrono Boost)  
  54  5:38  Phoenix (Chrono Boost), Gateway  
  56  5:43  Gateway  
  56  5:45  Protoss Ground Weapons Level 1 (Chrono Boost)  
  56  5:47  Gateway  
  56  5:54  Probe  
  57  6:01  Phoenix (Chrono Boost)  
  57  6:03  Zealot  
  61  6:14  Nexus  
  61  6:15  Pylon  
  61  6:21  Photon Cannon  
  61  6:31  Probe  
  62  6:36  Sentry, Zealot  
  69  6:43  Zealot, Pylon  
  70  6:48  Templar Archives  
  70  6:55  Probe x2  
  70  7:01  Oracle (Chrono Boost)  
  70  7:07  Pylon, Probe x2  
  74  7:10  Robotics Facility  
  74  7:11  Pylon  
  74  7:12  Pylon  
  69  7:17  Zealot  
  69  7:24  Probe  
  69  7:29  Zealot, Probe  
  71  7:38  Probe  
  71  7:41  Zealot  
  71  7:42  Pylon  
  71  7:45  Probe  
  71  7:46  Pylon  
Show
View Real Time Build Order
Export as new Build Order

PartinG Protoss - Winner!

Build Orders:  

Get SALT Encoding   

  12  0:00  Probe  
  13  0:12  Probe  
  14  0:18  Pylon  
  14  0:24  Probe  
  15  0:36  Gateway  
  15  0:39  Probe (Chrono Boost)  
  16  0:48  Assimilator, Probe (Chrono Boost)  
  17  0:53  Probe (Chrono Boost)  
  18  1:05  Probe  
  19  1:15  Pylon  
  19  1:17  Probe  
  20  1:23  Zealot (Chrono Boost)  
  22  1:26  Cybernetics Core  
  22  1:29  Probe  
  23  1:33  Assimilator  
  23  1:41  Probe  
  24  1:53  Probe  
  25  1:58  Cybernetics Core  
  25  2:02  Stalker (Chrono Boost)  
  25  2:04  Warp Gate  
  25  2:07  Probe  
  28  2:14  Pylon  
  28  2:32  Stalker, Probe  
  31  2:47  Stargate  
  31  2:50  Probe  
  31  2:51  Pylon  
  31  3:08  Nexus  
  31  3:09  Probe  
  32  3:19  Twilight Council  
  32  3:27  Gateway  
  32  3:31  Probe  
  33  3:37  Shield Battery  
  33  3:49  Gateway  
  33  3:53  Stalker  
  35  3:58  Pylon  
  35  4:00  Pylon  
  35  4:09  Pylon  
  35  4:12  Blink (Chrono Boost)  
  35  4:21  Stalker  
  35  4:24  Probe  
  38  4:34  Probe (Chrono Boost)  
  38  4:36  Probe (Chrono Boost)  
  38  4:44  Probe (Chrono Boost)  
  38  4:45  Dark Shrine, Probe (Chrono Boost)  
  40  4:49  Probe (Chrono Boost)  
  40  4:52  Sentry, Probe (Chrono Boost)  
  44  4:54  Sentry  
  47  5:00  Probe (Chrono Boost)  
  47  5:06  Robotics Facility  
  48  5:07  Probe x2 (Chrono Boost)  
  48  5:12  Assimilator  
  49  5:14  Probe  
  49  5:18  Gateway  
  50  5:22  Probe  
  50  5:26  Stalker, Probe  
  54  5:31  Stalker  
  56  5:35  Shield Battery  
  56  5:39  Probe x2  
  56  5:42  Pylon  
  58  5:47  Pylon  
  58  5:54  Warp Prism (Chrono Boost)  
  60  5:59  Probe  
  60  6:00  Probe  
  60  6:02  Assimilator  
  62  6:09  Dark Templar  
  62  6:10  Dark Templar  
  66  6:14  Dark Templar  
  68  6:21  Pylon  
  68  6:28  Observer (Chrono Boost)  
  69  6:33  Nexus  
  69  6:38  Pylon  
  69  6:39  Probe x2  
  71  6:47  Stalker x2  
  71  6:51  Stalker  
  78  6:54  Probe x2  
  79  7:11  Gateway  
  79  7:12  Gateway  
  79  7:13  Stalker  
  79  7:14  Gateway  
  81  7:25  Stalker  
  81  7:26  Stalker  
  81  7:28  Probe x2  
  87  7:40  Probe x2  
  87  7:44  Forge  
  87  7:46  Stalker, Pylon  
  87  7:48  Pylon  
Tags
 
Add a new tag
Caveats
  • Supply blocks, unpowered buildings, or Contaminate may cause inaccurate times.
  • Supply counts are checked every 10 seconds.